 Dungeon Crawl Stone Soup version 0.24-a0-520-g8fd06ad0bc (webtiles) character file.

Game seed: 15243760516354897794

121 Gynju the Magician (level 4, -8/30 HPs)
             Began as a Demonspawn Wizard on July 26, 2019.
             Killed by nerve-wracking pain
             ... invoked by Grinder
              (11 damage)
             ... on level 3 of the Dungeon.
             The game lasted 00:05:57 (3786 turns).

Gynju the Magician (Demonspawn Wizard)              Turns: 3786, Time: 00:05:57

Health: -8/30      AC:  3    Str:  7    XL:     4   Next: 77%
Magic:  6/9        EV: 13    Int: 20    God:
Gold:   129        SH:  0    Dex: 12    Spells: 5/10 levels left

rFire    . . .     SeeInvis .   y - +3 short sword
rCold    . . .     Gourm    .   (no shield)
rNeg     . . .     Faith    .   a - +0 robe
rPois    .         Spirit   .   b - +0 hat
rElec    .         Reflect  .   (no cloak)
rCorr    .         Harm     .   (no gloves)
MR       .....                  (no boots)
Stlth    ++........             (no amulet)
HPRegen  0.10/turn              (no ring)
MPRegen  0.11/turn              (no ring)

@: no status effects
A: rugged brown scales 1, powered by death 1
a: no special abilities


You were on level 3 of the Dungeon.
You were not hungry.

You visited 1 branch of the dungeon, and saw 3 of its levels.

You collected 129 gold pieces.

Inventory:

Hand Weapons
 c - a +0 hunting sling
 e - a +0 short sword
 y - a +3 short sword (weapon)
Missiles
 f - 140 stones (quivered)
 u - 13 sling bullets
Armour
 a - a +0 robe (worn)
 b - a +0 hat (worn)
Magical Staves
 s - an uncursed staff of air
Jewellery
 k - an uncursed amulet of harm {unknown}
Wands
 v - a wand of enslavement (6)
Scrolls
 i - a scroll of remove curse {unknown}
 l - 5 scrolls of identify {unknown}
 n - 4 scrolls of teleportation {unknown}
 p - 2 scrolls of enchant weapon {unknown}
 q - a scroll of fog {unknown}
 r - a scroll of noise {unknown}
 t - a scroll of enchant armour {unknown}
 x - a scroll of blinking {unknown}
Potions
 g - a potion of haste {unknown}
 h - a potion of agility {unknown}
 j - a potion of curing {unknown}
 m - 2 potions of lignification {unknown}
 o - 2 potions of invisibility {unknown}
Comestibles
 d - 3 rations
 w - a chunk of flesh


   Skills:
 + Level 2.6 Dodging
 - Level 1.7 Stealth
 + Level 3.6 Spellcasting
 * Level 3.3 Conjurations
 - Level 1.0 Summonings
 - Level 0.8 Translocations


You had 5 spell levels left.
You knew the following spells:

 Your Spells              Type           Power        Failure   Level  Hunger
a - Magic Dart            Conj           ###.         3%          1    None
b - Blink                 Tloc           N/A          14%         2    ##.....
c - Call Imp              Summ           #.......     13%         2    ##.....

Your spell library contained the following spells:

 Spells                   Type           Power        Failure   Level  Hunger
 Slow                     Hex            #.......     21%         2    ##.....
 Conjure Flame            Conj/Fire      ##......     21%         3    ###....
 Mephitic Cloud           Conj/Pois/Air  #.......     26%         3    ###....


Dungeon Overview and Level Annotations

Branches:
Dungeon (3/15)

Altars:
Ashenzari
Cheibriados
Qazlal

Annotations:
D:3 Grinder


Innate Abilities, Weirdness & Mutations

You are partially covered in rugged brown scales. (AC +1, +3% HP)
You regenerate a little health from kills.


Message History

You shrug off the repeated paralysis!
Grinder hits you.
Some of the chunks of flesh in your inventory have rotted away.
Grinder hits you. Grinder gestures at you.
You shrug off the repeated paralysis!
Grinder barely misses you. Grinder hits you.
* * * LOW HITPOINT WARNING * * *
You writhe in agony.
* * * LOW HITPOINT WARNING * * *
You can move again.
Okay, then.
Okay, then.
You see here a war axe.
Your magical contamination has completely faded away.
Grinder says, "Mostly I couldn't keep them alive."
Grinder gestures at you. Pain shoots through your body!
You die...

#.# #......#...# #.#
#..#...#....#
#.########....######....
#.............#.# ####
##########....#.#
#..5.#.# #......#
###.#### ##@#####
###......# #......#.#
#.#..#.#.#
####....#.#.#########
#....#..............#
#.##......#.#######.#
####.##......#.# #.#
#..............# #.#


You could see Grinder.

Vanquished Creatures
  5 adders
  2 worms (D:3)
  4 dart slugs
  A leopard gecko (D:1)
  2 orcs (D:3)
  3 giant cockroaches
  4 goblins
  11 hobgoblins
  6 bats
  7 frilled lizards
  9 kobolds
  10 rats
64 creatures vanquished.

Notes
Turn   | Place    | Note
-------+----------+-------------------------------------------
     0 | D:1      | Gynju the Demonspawn Wizard began the quest for the Orb.
     0 | D:1      | Reached XP level 1. HP: 13/13 MP: 4/4
   370 | D:1      | Gained mutation: You are partially covered in rugged brown
                  | scales. (AC +1, +3% HP) [demonic ancestry]
   370 | D:1      | Reached XP level 2. HP: 13/19 MP: 0/6
   491 | D:1      | Found a shattered altar of Ashenzari.
  1355 | D:2      | Reached XP level 3. HP: 22/24 MP: 1/7
  2434 | D:2      | Found a stormy altar of Qazlal.
  2442 | D:2      | Gained mutation: You regenerate a little health from kills.
                  | [demonic ancestry]
  2442 | D:2      | Reached XP level 4. HP: 21/30 MP: 0/9
  3110 | D:3      | Found a snail-covered altar of Cheibriados.
  3171 | D:3      | Learned a level 2 spell: Blink
  3174 | D:3      | Learned a level 2 spell: Call Imp
  3761 | D:3      | Noticed Grinder
  3768 | D:3      | Paralysed by Grinder for 7 turns
  3786 | D:3      | Killed from afar by Grinder

Levels and vault maps discovered:
D:1:      scummos_arrival_gate, layout_basic, chequers_serial_rivers_micro_a,
          ashenzari_altar_1
D:2:      cheibrodos_helix_gallery, layout_basic, lemuel_round_altar
D:3:      layout_loops_corners, nicolae_overflow_hidden_temple,
          okawaru_gym_becter, hangedman_decor_push, uniq_grinder, uniq_natasha

Skill      XL: |  1  2  3  4 |
---------------+-------------+-----
Dodging        | 2 |  2.6
Conjurations   | 2 3 |  3.3
Stealth        | |  1.7
Spellcasting   | |  3.6
Summonings     | |  1.0
Translocations | |  0.8

Action                   |  1- 3 |  4- 6 || total
-------------------------+-------+-------++-------
Melee: Short sword       |    26 |     5 ||    31
       Staff             |     7 |       ||     7
 Cast: Magic Dart        |    91 |    65 ||   156
  Eat: Chunk             |     5 |     4 ||     9
Armor: Robe              |    11 |     3 ||    14
Dodge: Dodged            |    29 |    12 ||    41

Table legend:
 A = Non-vault XP
 B = Vault XP
 C = Vault XP percentage of total XP
 D = Non-vault monster count
 E = Vault monster count
 F = Vault count percentage of total count
                 A         B        C        D         E       F
            +---------+---------+-------+---------+---------+-------
      Total |     171 |       3 |   1.7 |      62 |       2 |   3.1
            +---------+---------+-------+---------+---------+-------
        D:1 |      37 |       0 |   0.0 |      23 |       0 |   0.0
        D:2 |      66 |       3 |   4.3 |      18 |       2 |  10.0
        D:3 |      68 |       0 |   0.0 |      21 |       0 |   0.0
            +---------+---------+-------+---------+---------+-------
